 Dungeon Sprint DCSS version 0.20-a0-1127-g1289703 (webtiles) character file.

422 potatolord6000 the Skirmisher (level 6, -13/55 HPs)
             Began as a Demonspawn Gladiator on May 18, 2017.
             Was an Initiate of Gozag.
             Mangled by a red ugly thing (17 damage)
             ... in the Dungeon (Sprint IX: "|||||||||||||||||||||||||||||").
             The game lasted 00:03:50 (344 turns).

potatolord6000 the Skirmisher (Demonspawn Gladiator) Turns: 344, Time: 00:03:52

Health: -13/55     AC: 15    Str: 17    XL:     6   Next: 63%
Magic:  6/6        EV: 14    Int:  9    God:    Gozag
Gold:   315        SH:  0    Dex: 17    Spells: 5/5 levels left

rFire    . . .     SeeInvis .   m - +0 lajatang
rCold    . . .     Gourm    .   (shield currently unavailable)
rNeg     . . .     Faith    .   c - +1 scale mail
rPois    .         Spirit   .   n - +0 helmet
rElec    .         Reflect  .   (no cloak)
rCorr    .         Harm     .   (no gloves)
MR       .....     NoTele   +   a - +0 pair of boots
Stlth    ..........             (no amulet)
Regen    0.2/turn               b - +2 ring of protection
MPRegen  0.1/turn               o - +3 ring of dexterity

@: gold aura
A: claws 1, thin metallic scales 1, powered by death 1
a: Potion Petition, Call Merchant, Bribe Branch, Renounce Religion


You were in the Dungeon.
You worshipped Gozag.
Gozag was aware of your devotion.
You were not hungry.

You visited 1 branch You collected 315 gold pieces.

Inventory:

Hand Weapons
 m - a +0 lajatang (weapon)
Armour
 a - a +0 pair of boots (worn)
 c - a +1 scale mail (worn)
 n - a +0 helmet (worn)
Jewellery
 b - a +2 ring of protection (left claw)
 o - a +3 ring of dexterity (right claw)
Scrolls
 h - 3 scrolls of remove curse
 k - 2 scrolls of blinking
 l - 2 scrolls of amnesia
Potions
 d - a potion of invisibility
 e - 5 potions of curing
 i - 4 potions of magic


   Skills:
 + Level 7.4 Fighting
 + Level 7.2 Staves
 - Level 1.7 Throwing
 + Level 6.4 Armour
 + Level 7.0 Dodging


You had 5 spell levels left.
You didn't know any spells.

Dungeon Overview and Level Annotations

Branches:
Dungeon (1/1)

Altars:
Cheibriados
Dithmenos
Elyvilon
Fedhas
Gozag
Hepliaklqana
Kikubaaqudgha
Makhleb
Nemelex Xobeh
Okawaru
Qazlal
Ru
Sif Muna
Trog
Uskayaw
Vehumet
Wu Jian
Xom
Yredelemnul
Zin
The Shining One
Beogh
Jiyva
Lugonu


Innate Abilities, Weirdness & Mutations

You have sharp fingernails.
You are partially covered in thin metallic scales. (AC +2)
You regenerate a little health from kills.


Message History

You slash the red ugly thing!
The red ugly thing is heavily wounded.
The red ugly thing bites you but does no damage.
You closely miss the red ugly thing.
The red ugly thing is heavily wounded.
The red ugly thing bites you but does no damage.
You slash the red ugly thing!
The red ugly thing is severely wounded.
The red ugly thing bites you.
You are engulfed in flames!
* * * LOW HITPOINT WARNING * * *
You hit the red ugly thing.
The red ugly thing is severely wounded.
The red ugly thing barely misses you.
You slash the red ugly thing!
The red ugly thing is severely wounded.
The red ugly thing bites you.
* * * LOW HITPOINT WARNING * * *
You are engulfed in flames!
You die...
Your body crumbles into a pile of gold. ▓▓▓▓▓▓▓▓▓▓▓▓▓▓▓▓▓▓▓▓▓▓▓▓ '..|)[.[..')....@uas{... ▓▓▓▓▓▓▓▓▓▓▓▓▓▓▓▓▓▓▓▓▓▓▓▓ $ $$$$$ $ $ $ $$$$$

You could see a red ugly thing, a scorpion and a worker ant.

Vanquished Creatures
  A yak (shapeshifter) (D)
  A hungry ghost (D)
  A bullfrog (D)
  A jelly (D)
  A hound (D)
  An adder (D)
  An adder zombie (D)
  A worm (D)
  A leopard gecko (D)
  An orc (D)
  A bat zombie (D)
  3 giant cockroaches (D)
  A goblin (D)
  A hobgoblin (D)
  A jackal (D)
  A rat (D)
18 creatures vanquished.

Notes
Turn   | Place    | Note
-------+----------+-------------------------------------------
     0 | D        | potatolord6000 the Demonspawn Gladiator began the quest for the Orb.
     0 | D        | Reached XP level 1. HP: 16/16 MP: 1/1
    11 | D        | Reached skill level 1 in Armour
   122 | D        | Gained mutation: You are partially covered in thin metallic scales. (AC +2) [demonic ancestry]
   122 | D        | Reached XP level 2. HP: 23/23 MP: 2/2
   143 | D        | Found a roughly hewn altar of Beogh.
   143 | D        | Found a snail-covered altar of Cheibriados.
   143 | D        | Found a shadowy altar of Dithmenos.
   143 | D        | Found a white marble altar of Elyvilon.
   143 | D        | Found a blossoming altar of Fedhas.
   143 | D        | Found an opulent altar of Gozag.
   144 | D        | Found a hazy altar of Hepliaklqana.
   145 | D        | Found a viscous altar of Jiyva.
   146 | D        | Found an ancient bone altar of Kikubaaqudgha.
   147 | D        | Found a corrupted altar of Lugonu.
   148 | D        | Found a burning altar of Makhleb.
   149 | D        | Found a sparkling altar of Nemelex Xobeh.
   150 | D        | Found an iron altar of Okawaru.
   151 | D        | Became a worshipper of Gozag Ym Sagoz the Greedy
   152 | D        | Found a stormy altar of Qazlal.
   153 | D        | Found a sacrificial altar of Ru.
   154 | D        | Found a deep blue altar of Sif Muna.
   155 | D        | Found a bloodstained altar of Trog.
   156 | D        | Found a hide-covered altar of Uskayaw.
   157 | D        | Found a radiant altar of Vehumet.
   158 | D        | Found an ornate altar of the Wu Jian Council.
   159 | D        | Found a shimmering altar of Xom.
   160 | D        | Found a basalt altar of Yredelemnul.
   161 | D        | Found a glowing silver altar of Zin.
   162 | D        | Found a glowing golden altar of the Shining One.
   224 | D        | Noticed a hungry ghost
   235 | D        | Gained mutation: You regenerate a little health from kills. [demonic ancestry]
   235 | D        | Reached XP level 3. HP: 29/30 MP: 3/3
   257 | D        | Killed a hungry ghost
   257 | D        | Reached skill level 5 in Fighting
   257 | D        | Reached skill level 5 in Staves
   257 | D        | Reached skill level 5 in Dodging
   257 | D        | Reached XP level 4. HP: 40/40 MP: 4/4
   257 | D        | Reached XP level 5. HP: 46/46 MP: 5/5
   260 | D        | Reached skill level 5 in Armour
   309 | D        | Noticed a harpy
   309 | D        | Noticed a red ugly thing
   309 | D        | Noticed a vampire
   317 | D        | Gained mutation: You have sharp fingernails. [demonic ancestry]
   317 | D        | Reached XP level 6. HP: 53/53 MP: 6/6
   321 | D        | Noticed a yak
   321 | D        | a harpy changed into a yak
   329 | D        | Killed a yak
   344 | D        | Mangled by a red ugly thing

Vault maps used:
D:        linesprint

Skill      XL: |  1  2  3  4  5  6 |
---------------+-------------------+-----
Staves         | 3 4 5 6 7 |  7.2
Dodging        | 3 4 5 6 7 |  7.0
Armour         | 1 3 4 5 6 |  6.4
Fighting       | 4 5 6 7 |  7.4
Throwing       | |  1.7

Action                   |  1- 3 |  4- 6 || total
-------------------------+-------+-------++-------
Melee: Quarterstaff      |    28 |       ||    28
       Lajatang          |    31 |    41 ||    72
  Use: Potion            |     3 |     2 ||     5
  Eat: Bread ration      |       |     1 ||     1
Armor: Leather armour    |     5 |       ||     5
       Scale mail        |    18 |    19 ||    37
Dodge: Dodged            |    25 |    18 ||    43
